 Seeded DCSS version 0.30.1-4-g462c640d31 (webtiles) character file.

Game seed: 920673320228942481 (custom seed)

14 CarvArkoylaein the Conjurer (level 2, 20/20 HPs)
             Began as a Draconian Conjurer on Sept 8, 2023.
             Quit the game on level 2 of the Dungeon.
             The game lasted 00:06:23 (1279 turns).

CarvArkoylaein the Conjurer (Draconian Conjurer)    Turns: 1279, Time: 00:06:23

Health: 20/20      AC:  8    Str:  9    XL:     2   Next: 31%
Magic:  1/5        EV: 12    Int: 18    God:
Gold:   47         SH:  0    Dex: 11    Spells: 2/5 levels left

rFire   . . .        c - staff of conjuration
rCold   . . .        (no shield)
rNeg    . . .        (body armour unavailable)
rPois   +            (helmet restricted)
rElec   .            (no cloak)
rCorr   .            (no gloves)
SInv    .            b - +3 pair of seven-league boots {Rampage+∞}
Will    .....        (no amulet)
Stlth   +++          h - ring of wizardry
HPRegen 0.23/turn    (no ring)
MPRegen 0.09/turn

%: rampage+∞, wizardry (x1)
@: no status effects
A: AC +4, unfitting armour, cold-blooded, antennae 1, hooves 1, thin skeletal
structure 1, poison resistance
a: no special abilities


You were on level 2 of the Dungeon.
You visited 1 branch of the dungeon, and saw 2 of its levels.

You collected 47 gold pieces.

Inventory:

Armour
 b - the +3 pair of seven-league boots (worn) {Rampage+∞}
   (You acquired it on level 1 of the Dungeon)

   Rampage+∞: When moving toward enemies, its wearer moves as far as possible,
   alerting their target en route.
Magical Staves
 c - a staff of conjuration (weapon)
Jewellery
 h - a ring of wizardry (left hand)
Scrolls
 d - a scroll of amnesia {unknown}
 e - a scroll of teleportation {unknown}
 f - a scroll of fog {unknown}
Potions
 a - a potion of magic
 g - a potion of resistance {unknown}
 i - a potion of lignification {unknown}


   Skills:
 + Level 1.9 Dodging
 + Level 1.9 Stealth
 + Level 2.0 Spellcasting
 + Level 4.4 Conjurations


You had 2 spell levels left.
You knew the following spells:

 Your Spells              Type           Power      Damage    Failure   Level
a - Magic Dart            Conj           100%       1d8       1%          1
b - Searing Ray           Conj           52%        2d6       1%          2

Your spell library contained the following spells:

 Spells                   Type           Power      Damage    Failure   Level
 Foxfire                  Conj/Fire      56%        2x1d6     3%          1
 Beastly Appendage        Tmut           2%         N/A       8%          1
 Passwall                 Tmut/Erth      0%         N/A       11%         2
 Dazzling Flash           Conj/Hex       28%        N/A       9%          3
 Inner Flame              Hex/Fire       1%         N/A       21%         3
 Fulminant Prism          Conj/Hex       7%         3d7       28%         4
 Iskenderun's Mystic Bla  Conj/Tloc      14%        2d5       28%         4


Dungeon Overview and Level Annotations

Branches:
Dungeon (2/15)

Altars:


Innate Abilities, Weirdness & Mutations

Your plain brown scales are hard. (AC +4)
You cannot fit into any form of body armour.
You are cold-blooded and may be slowed by cold attacks.
You have a pair of small antennae on your head.
You have large cloven feet.
You have a somewhat thin skeletal structure. (Dex +2, Stealth+)
Your system is resistant to poisons. (rPois)


Message History

The ball python bites you but does no damage.
The ball python constricts you. The dart slug barely misses you.
The ball python bites you. The ball python constricts you.
Aiming: Magic Dart (safe; 1% risk of failure)
Press: ? - help, Q - select action, (/) - cycle Shift-Dir - straight line, f/p - dart slug
Aim: a dart slug (heavily wounded, 100% to hit)
You feel a surge of power!
The magic dart hits the dart slug!
You kill the dart slug!
The ball python bites you but does no damage.
The ball python constricts you.
You escape the ball python's grasp.
The ball python attacks as you move away!
The ball python bites you. The ball python misses you.
Aiming: Magic Dart (safe; 1% risk of failure)
Press: ? - help, Q - select action, (/) - cycle Shift-Dir - straight line, f - ball python
Aim: a ball python (100% to hit)
You feel a surge of power!
The magic dart hits the ball python.
You kill the ball python!
There is a stone staircase leading down here.
Found a viscous clear potion.
i - a viscous clear potion You open the door.
Found a stone staircase leading down.
An endoplasm comes into view.
There is an open door here.
Aiming: Magic Dart (safe; 1% risk of failure)
Press: ? - help, Q - select action, (/) - cycle Shift-Dir - straight line, f - endoplasm
Aim: an endoplasm (asleep, 100% to hit)
You feel a surge of power!
The magic dart hits the endoplasm.
The endoplasm is almost dead.
The endoplasm quivers.
Casting: Magic Dart (safe; 1% risk of failure)
Confirm with . or Enter, or press ? or * to list all spells.
You don't have enough magic to cast this spell.
You stride towards the endoplasm!
You hit the endoplasm.
You kill the endoplasm!
Welcome back, CarvArkoylaein the Draconian Conjurer.
Game seed: 920673320228942481 (custom seed) Press ? for a list of commands and other information.
Are you sure you want to abandon this character and quit the game? (Confirm with "yes".)

#.......###.##
#.......# #.#
####.#### #.#
#. ##'## #.
##...## ..
##.....##
##.......##
#.........#
+>...@....+
#^........#
##.......##
##.....##
##...## ##+##


There were no monsters in sight!

Vanquished Creatures
  2 dart slugs
  An endoplasm (D:2)
  A goblin (D:1)
  5 ball pythons
  A bat (D:1)
  A rat (D:1)
11 creatures vanquished.

Notes
Turn   | Place    | Note
-------+----------+-------------------------------------------
     0 | D:1      | CarvArkoylaein the Draconian Conjurer began the quest for
                  | the Orb.
     0 | D:1      | Reached XP level 1. HP: 14/14 MP: 3/3
    88 | D:1      | Identified 3 scrolls of acquirement
    88 | D:1      | Acquired the Enchiridion on Kindled Forms
    89 | D:1      | Acquired the +3 pair of seven-league boots {Rampage+∞}
    89 | D:1      | Found the +3 pair of seven-league boots {Rampage+∞}
    90 | D:1      | Acquired a staff of conjuration
   470 | D:1      | Gained mutation: You have large cloven feet. [potion of
                  | mutation]
   470 | D:1      | Gained mutation: You have a pair of small antennae on your
                  | head. [potion of mutation]
   470 | D:1      | Gained mutation: You have a somewhat thin skeletal
                  | structure. (Dex +2, Stealth+) [potion of mutation]
   470 | D:1      | Gained mutation: Your system is resistant to poisons.
                  | (rPois) [potion of mutation]
   875 | D:1      | Reached XP level 2. HP: 20/20 MP: 3/5
  1078 | D:1      | Learned a level 2 spell: Searing Ray
  1279 | D:2      | Quit the game

Illustrated notes

Levels and vault maps discovered:
D:1:      dpeg_arrival_orchard, layout_basic
D:2:      layout_loops_corners, uniq_natasha, uniq_crazy_yiuf_cottage

Action                     || total
---------------------------++-------
  Melee: Staff             ||    14
         Unarmed           ||     4
   Cast: Magic Dart        ||    15
    Use: Scroll            ||     3
         Potion            ||     2
 Armour: Skin              ||     5
  Dodge: Dodged            ||    20
